Map: Babylon LE

Players

SnækPlatypus

  • Race: Zerg Zerg
  • League: Diamond
  • Spawn Location: 5:00

BiPolarBear - Winner!

  • Race: Protoss Protoss
  • League: Diamond
  • Spawn Location: 11:00

VOD

Have the link to the VOD?

Description

Time

  • Played on: April 26, 2023, 6:57 p.m.
  • Length: 23:36
Show
View Real Time Build Order
Export as new Build Order

SnækPlatypus Zerg 

Build Orders: Hatch First 

Get SALT Encoding   

  12  0:02  Drone  
  13  0:12  Overlord  
  13  0:17  Drone  
  14  0:30  Drone x2  
  16  0:36  Drone  
  17  0:59  Hatchery  
  17  1:03  Drone  
  17  1:12  Spawning Pool  
  17  1:14  Drone  
  18  1:18  Drone  
  18  1:22  Drone  
  19  1:29  Drone  
  20  1:38  Extractor  
  19  1:40  Drone  
  20  1:59  Queen  
  20  2:00  Overlord  
  22  2:11  Queen  
  22  2:12  Overlord  
  22  2:13  Zergling x4  
  26  2:23  Drone x2  
  28  2:34  Queen  
  30  2:37  Drone  
  30  2:38  Metabolic Boost, Drone  
  32  2:45  Drone  
  32  2:46  Drone  
  34  2:54  Drone x2  
  36  3:07  Hatchery  
  36  3:10  Zergling x4  
  37  3:26  Lair  
  36  3:28  Drone  
  36  3:29  Drone  
  36  3:31  Roach Warren  
  36  3:37  Spore Crawler  
  36  3:38  Drone x2  
  36  3:39  Drone  
  36  3:41  Drone  
  39  3:44  Drone  
  40  3:52  Drone  
  40  3:53  Drone x2  
  40  3:55  Drone  
  44  3:57  Overlord  
  44  4:13  Evolution Chamber, Extractor  
  44  4:15  Evolution Chamber, Extractor  
  40  4:18  Drone x4  
  40  4:19  Drone  
  44  4:25  Queen x2  
  44  4:29  Drone  
  48  4:32  Drone  
  48  4:33  Drone  
  48  4:35  Drone  
  48  4:38  Spore Crawler  
  50  4:41  Drone x3  
  53  4:48  Drone x3  
  53  4:49  Drone  
  57  4:53  Extractor  
  57  4:55  Extractor  
  52  5:16  Drone  
  52  5:17  Drone x3  
  56  5:23  Drone x2  
  56  5:24  Overlord x2  
  56  5:26  Glial Reconstitution  
  56  5:27  Zerg Ground Armor Level 1, Zerg Missile Weapons Level 1  
  58  5:36  Baneling Nest  
  58  5:37  Overlord x2  
  57  5:46  Roach x6  
  57  5:47  Roach  
  71  5:54  Drone x3  
  74  6:04  Roach  
  74  6:05  Roach x6  
  88  6:15  Overlord  
  88  6:16  Overlord x2  
  88  6:20  Centrifugal Hooks  
  88  6:37  Hatchery  
  87  6:41  Drone x3  
  87  6:42  Drone x3  
  87  6:44  Drone  
  94  6:48  Queen  
  94  6:49  Overlord x2  
  94  6:52  Zergling x10  
  94  6:53  Zergling x4  
  103  7:02  Zergling x4  
  103  7:03  Zergling x4, Hatchery  
  103  7:06  Zergling x4  
  103  7:07  Zergling x2  
  107  7:21  Zergling x2  
  107  7:22  Zergling x8  
  111  7:25  Zergling x2  
  111  7:26  Zergling x8  
  116  7:33  Drone x4  
  116  7:35  Hatchery  
  87  7:59  Zergling x8  
  87  8:00  Zergling x22  
  96  8:09  Hydralisk Den, Zergling x2  
  96  8:10  Zergling x2  
  95  8:15  Zergling x2  
  95  8:16  Zergling x14  
  95  8:17  Queen  
  95  8:18  Queen  
  107  8:20  Zergling x4  
  107  8:26  Zergling x10  
  107  8:27  Zergling x2  
  113  8:32  Zergling x8  
  107  8:42  Zergling x8  
  107  8:52  Drone  
  107  8:53  Drone x10  
  117  8:58  Hatchery  
  113  9:03  Zerg Ground Armor Level 2, Zerg Melee Weapons Level 1  
  113  9:05  Baneling x11  
  113  9:06  Baneling x13  
  113  9:07  Baneling  
  113  9:08  Baneling x3  
  113  9:14  Spore Crawler  
  112  9:20  Overlord  
  112  9:24  Zergling x2  
  112  9:25  Zergling x22  
  99  9:47  Muscular Augments  
  99  9:48  Drone  
  99  9:49  Extractor, Drone x2  
  99  9:52  Drone  
  98  9:53  Drone x12  
  98  9:56  Extractor, Drone x3  
  112  10:03  Baneling x7  
  112  10:04  Baneling x11  
  112  10:05  Zergling x2  
  112  10:06  Zergling x18  
  122  10:07  Zergling x2  
  122  10:08  Zergling x2  
  124  10:16  Spine Crawler  
  124  10:17  Drone x5  
  124  10:18  Drone  
  128  10:33  Infestation Pit, Hydralisk x4  
  128  10:35  Overseer, Hatchery  
  134  10:37  Overseer  
  134  10:39  Zergling x2  
  134  10:40  Zergling x10, Spore Crawler  
  134  10:41  Zergling x2  
  140  10:43  Extractor  
  140  10:44  Drone x2  
  140  10:46  Spine Crawler, Drone  
  141  10:56  Hydralisk x5  
  147  10:58  Grooved Spines  
  147  11:00  Overseer  
  147  11:03  Hydralisk  
  153  11:09  Overlord x3  
  153  11:10  Overlord x3  
  153  11:14  Baneling  
  153  11:15  Baneling x6  
  153  11:23  Overlord  
  153  11:24  Overlord x2  
  153  11:28  Hydralisk  
  153  11:29  Hydralisk x3  
  153  11:30  Hydralisk  
  163  11:33  Hydralisk  
  163  11:37  Drone x4  
  163  11:39  Extractor  
  168  11:43  Spine Crawler, Zergling x6  
  168  11:44  Zergling x26  
  183  11:49  Hydralisk x3  
  167  12:03  Hydralisk x2  
  167  12:04  Hydralisk x5  
  174  12:14  Spine Crawler  
  174  12:15  Spore Crawler  
  170  12:16  Spine Crawler  
  170  12:20  Spine Crawler, Zergling x2  
  170  12:21  Zergling x30  
  184  12:32  Overlord  
  182  12:40  Zergling x18  
  182  12:41  Zergling x18  
  182  12:42  Baneling  
  182  12:43  Baneling x7  
  182  12:44  Baneling x2  
  198  12:45  Baneling x3  
  198  12:50  Hive  
  193  12:56  Baneling x7  
  193  12:57  Baneling x11  
  176  13:21  Drone x3  
  176  13:22  Drone x3  
  182  13:27  Hatchery  
  181  13:38  Zergling x2  
  181  13:39  Zergling x30  
  181  13:40  Zergling x6  
  200  13:42  Overseer  
  200  13:48  Baneling  
  200  13:49  Baneling x14  
  200  13:50  Baneling x22  
  200  14:02  Adrenal Glands, Extractor  
  198  14:04  Extractor  
  143  14:28  Hydralisk  
  143  14:29  Hydralisk x11  
  143  14:30  Zergling x8  
  143  14:31  Zergling x26  
  157  14:35  Baneling x5  
  146  14:49  Hydralisk x5  
  146  14:58  Zergling x20  
  146  14:59  Zergling x2  
  148  15:05  Drone x3  
  148  15:06  Drone x3  
  153  15:17  Hydralisk x6  
  153  15:18  Hydralisk x3  
  156  15:34  Spire  
  147  15:35  Zergling x2  
  147  15:36  Zergling x30  
  147  15:37  Zergling x2  
  157  15:48  Hatchery  
  156  15:51  Zergling x2  
  156  15:52  Zergling x18  
  156  15:55  Baneling  
  156  15:56  Baneling x9  
  166  15:59  Drone x4  
  170  16:10  Overlord x2  
  165  16:26  Hydralisk x10  
  165  16:27  Zergling x2  
  165  16:28  Zergling x8  
  188  16:43  Overlord x2  
  188  16:44  Overlord x4  
  187  16:48  Corruptor x4  
  187  16:53  Hydralisk  
  190  17:04  Corruptor x2  
  187  17:15  Hydralisk x4  
  156  17:16  Zergling x2  
  156  17:17  Zergling x26  
  156  17:21  Zergling x6  
  156  17:22  Zergling x14  
  161  17:29  Zergling x14  
  143  17:30  Zergling x4  
  135  17:40  Hydralisk x2  
  135  17:41  Hydralisk x6  
  135  17:42  Zergling x2  
  142  17:49  Hydralisk x2  
  142  17:50  Hydralisk  
  139  17:54  Baneling x2  
  139  17:55  Baneling, Zergling x2  
  139  17:56  Zergling x18  
  144  17:58  Drone  
  144  17:59  Drone x2  
  144  18:00  Extractor  
  144  18:01  Baneling, Extractor  
  144  18:02  Baneling x3  
  144  18:03  Baneling  
  145  18:06  Zergling x6  
  145  18:07  Zergling x8  
  145  18:08  Extractor, Zergling x2  
  152  18:14  Hydralisk  
  152  18:15  Hydralisk x2  
  152  18:16  Hydralisk  
  152  18:19  Baneling  
  160  18:20  Baneling  
  160  18:21  Baneling  
  160  18:25  Drone x3  
  164  18:27  Drone x3  
  164  18:29  Spine Crawler  
  164  18:30  Spore Crawler, Drone x2  
  164  18:32  Hatchery  
  136  18:42  Zergling x24  
  136  18:43  Zergling x6  
  136  18:48  Zergling x4  
  153  18:58  Zergling x2  
  153  18:59  Hydralisk x3  
  153  19:00  Hydralisk x6  
  153  19:02  Hydralisk  
  174  19:03  Hydralisk  
  174  19:05  Baneling  
  174  19:06  Baneling x4  
  174  19:07  Baneling  
  174  19:26  Hydralisk x4  
  174  19:27  Hydralisk x4  
  174  19:30  Zergling x16  
  174  19:31  Zergling x4, Hatchery  
  200  19:32  Extractor  
  197  19:42  Overlord x3  
  191  19:48  Hydralisk  
  191  19:49  Hydralisk x6  
  191  19:52  Overseer x2  
  198  19:56  Drone  
  199  20:02  Extractor  
  199  20:04  Extractor  
  166  20:18  Hydralisk  
  166  20:19  Hydralisk x9  
  165  20:21  Zergling x2  
  165  20:22  Zergling x16  
  174  20:31  Baneling x2  
  174  20:32  Queen x2  
  174  20:34  Drone  
  174  20:35  Drone x4  
  183  20:36  Drone  
  175  20:46  Hydralisk  
  175  20:47  Hydralisk x4  
  175  20:48  Zergling x2  
  175  20:49  Zergling x2  
  183  21:02  Hydralisk Den  
  183  21:03  Spore Crawler  
  182  21:04  Spine Crawler, Drone x5  
  182  21:05  Drone  
  182  21:06  Baneling x5  
  182  21:10  Spine Crawler  
  185  21:14  Spine Crawler, Overlord x2  
  185  21:17  Overlord  
  176  21:31  Greater Spire  
  176  21:32  Corruptor x3  
  176  21:33  Corruptor  
  176  21:35  Corruptor  
  184  21:50  Spine Crawler  
  184  21:53  Spine Crawler  
  177  21:54  Spine Crawler  
  177  21:55  Spine Crawler  
  177  21:59  Spine Crawler  
  177  22:01  Spine Crawler  
  164  22:04  Drone x4  
  164  22:05  Drone x5  
  164  22:06  Drone x3  
  164  22:07  Drone x2  
  144  22:43  Brood Lord x5  
  152  22:45  Corruptor x4  
  160  22:52  Spine Crawler  
  160  22:53  Spine Crawler x2  
  157  23:05  Corruptor x5  
  151  23:06  Corruptor  
  151  23:09  Drone x2  
Show
View Real Time Build Order
Export as new Build Order

BiPolarBear Protoss - Winner!

Build Orders: 1 Gate Expand, Oracle Opening 

Get SALT Encoding   

  12  0:01  Probe  
  13  0:13  Probe  
  14  0:23  Pylon  
  14  0:26  Probe  
  15  0:42  Probe (Chrono Boost)  
  16  0:43  Gateway  
  16  0:49  Assimilator  
  17  0:50  Probe (Chrono Boost)  
  17  0:56  Probe  
  18  1:08  Probe  
  19  1:20  Probe  
  20  1:26  Nexus  
  20  1:37  Cybernetics Core  
  20  1:47  Pylon  
  20  1:50  Assimilator  
  20  1:58  Probe  
  21  2:10  Probe  
  22  2:17  Stargate  
  22  2:22  Probe (Chrono Boost)  
  23  2:24  Adept (Chrono Boost)  
  25  2:34  Probe (Chrono Boost)  
  25  2:37  Warp Gate  
  25  2:40  Probe (Chrono Boost)  
  25  2:41  Probe (Chrono Boost)  
  27  2:44  Gateway  
  27  2:48  Probe  
  27  2:50  Stalker (Chrono Boost), Probe  
  31  3:01  Probe  
  31  3:03  Probe  
  32  3:17  Probe  
  33  3:23  Pylon  
  33  3:37  Probe x2  
  33  3:38  Oracle (Chrono Boost), Adept  
  33  3:40  Adept  
  42  3:49  Probe x2  
  44  4:01  Probe  
  45  4:12  Nexus  
  45  4:13  Pylon, Probe  
  46  4:31  Shield Battery, Probe x2  
  51  4:38  Oracle  
  51  4:41  Twilight Council  
  51  4:42  Gateway  
  51  4:43  Probe x2  
  53  5:05  Probe  
  54  5:10  Robotics Facility  
  54  5:21  Pylon  
  54  5:22  Blink (Chrono Boost)  
  54  5:23  Probe x2  
  54  5:24  Pylon  
  54  5:25  Assimilator  
  54  5:27  Assimilator  
  56  5:34  Probe  
  57  5:35  Probe x2  
  57  5:36  Stalker  
  57  5:37  Stalker  
  57  5:41  Assimilator  
  63  5:46  Forge, Probe  
  63  5:47  Probe x2  
  66  5:51  Pylon  
  66  5:58  Probe  
  66  5:59  Observer (Chrono Boost)  
  66  6:00  Probe x2  
  70  6:09  Stalker x3  
  70  6:10  Probe  
  77  6:12  Probe x2  
  77  6:14  Gateway  
  79  6:22  Probe  
  79  6:24  Probe x2  
  82  6:26  Photon Cannon  
  82  6:28  Shield Battery  
  82  6:29  Pylon  
  82  6:34  Probe  
  82  6:36  Probe  
  82  6:37  Stalker x3  
  90  6:41  Gateway  
  90  6:44  Pylon  
  90  6:47  Probe  
  91  6:51  Observer  
  91  6:52  Probe  
  93  6:56  Probe  
  93  6:59  Probe  
  93  7:00  Pylon  
  95  7:04  Probe  
  95  7:06  Stalker x2  
  95  7:07  Stalker  
  102  7:08  Probe  
  97  7:23  Stalker  
  97  7:25  Probe  
  100  7:30  Gateway  
  100  7:32  Pylon  
  100  7:34  Stalker x3  
  106  7:40  Stalker  
  108  7:47  Immortal  
  108  7:49  Stalker  
  102  8:00  Stalker  
  102  8:01  Stalker x2  
  102  8:04  Probe x2  
  110  8:06  Probe  
  111  8:14  Nexus  
  111  8:15  Pylon  
  111  8:16  Probe  
  111  8:17  Pylon  
  112  8:20  Zealot x2  
  97  8:41  Stalker  
  97  8:42  Stalker x5  
  103  8:52  Immortal  
  103  8:56  Robotics Bay  
  103  9:04  Shield Battery  
  103  9:05  Photon Cannon  
  103  9:07  Stalker x6, Pylon  
  103  9:09  Probe x2, Shield Battery  
  117  9:13  Assimilator, Protoss Ground Weapons Level 1 (Chrono Boost)  
  117  9:14  Probe  
  118  9:17  Pylon  
  118  9:18  Gateway  
  118  9:21  Probe  
  119  9:29  Photon Cannon  
  119  9:30  Probe  
  120  9:33  Shield Battery  
  120  9:34  Photon Cannon  
  120  9:36  Shield Battery  
  110  9:40  Stalker x2  
  110  9:43  Probe x2 (Chrono Boost)  
  115  9:46  Stalker, Probe x2 (Chrono Boost)  
  117  9:55  Probe x2 (Chrono Boost)  
  120  10:01  Probe (Chrono Boost)  
  120  10:02  Stalker  
  120  10:03  Stalker x2  
  120  10:06  Observer  
  127  10:11  Probe  
  127  10:12  Forge  
  128  10:16  Oracle  
  131  10:31  Stalker x6  
  131  10:32  Stalker  
  145  10:42  Photon Cannon  
  142  10:43  Photon Cannon  
  142  10:46  Probe x2  
  142  10:47  Pylon  
  144  10:51  Gateway  
  144  10:54  Pylon  
  144  10:56  Pylon  
  144  11:00  Protoss Ground Armor Level 1  
  144  11:01  Stalker x6  
  156  11:05  Probe  
  156  11:06  Assimilator  
  156  11:08  Assimilator  
  157  11:17  Stalker, Colossus, Pylon  
  164  11:26  Nexus  
  164  11:30  Stalker x2  
  164  11:31  Stalker  
  170  11:37  Zealot x3  
  176  11:43  Probe  
  176  11:44  Probe  
  178  11:49  Probe  
  179  11:54  Gateway  
  179  11:55  Stalker x5  
  178  12:06  Stalker x3  
  174  12:10  Extended Thermal Lance (Chrono Boost)  
  174  12:11  Colossus (Chrono Boost)  
  176  12:20  Zealot x5  
  183  12:36  Nexus, Zealot x3  
  185  12:41  Zealot x3  
  183  12:48  Zealot  
  181  12:55  Zealot x2  
  175  13:01  Colossus (Chrono Boost)  
  164  13:23  Templar Archives  
  164  13:26  Stargate  
  164  13:27  Stargate  
  164  13:29  Pylon x2  
  164  13:30  Probe  
  164  13:31  Nexus  
  164  13:32  Fleet Beacon  
  164  13:33  Probe x2  
  167  13:36  Stalker x8  
  167  13:41  Protoss Ground Weapons Level 2 (Chrono Boost)  
  183  13:43  Pylon  
  183  13:44  Protoss Ground Armor Level 2 (Chrono Boost)  
  183  13:46  Colossus, Pylon  
  189  13:54  Zealot  
  191  14:02  Zealot  
  191  14:03  Zealot x3  
  199  14:16  Zealot x2  
  148  14:28  Stalker x5  
  148  14:29  Stalker x2  
  142  14:38  Zealot  
  142  14:39  Zealot  
  142  14:42  Nexus  
  142  14:43  Pylon  
  146  14:45  Pylon  
  142  14:55  Stalker x3  
  142  14:56  Stalker x4  
  142  14:58  Probe x3  
  145  15:04  Photon Cannon  
  145  15:06  Photon Cannon  
  136  15:15  Stalker x2  
  135  15:25  High Templar x4  
  135  15:26  High Templar x3  
  149  15:31  Archon x3  
  149  15:33  Nexus  
  149  15:34  Pylon  
  147  15:41  High Templar x2  
  151  15:50  Archon  
  151  15:52  Nexus  
  151  15:58  Photon Cannon  
  151  15:59  High Templar  
  151  16:00  High Templar x5, Shield Battery  
  151  16:03  Archon  
  151  16:04  Archon x2  
  163  16:09  High Templar  
  165  16:12  Pylon  
  165  16:14  Archon  
  165  16:17  Observer  
  166  16:20  Zealot  
  166  16:21  Zealot  
  166  16:22  Shield Battery  
  166  16:25  Photon Cannon  
  168  16:28  Protoss Ground Weapons Level 3 (Chrono Boost)  
  169  16:32  Probe  
  169  16:33  Probe x2  
  169  16:35  Zealot x4  
  177  16:46  Assimilator  
  175  16:48  Assimilator  
  175  16:53  Zealot x3  
  179  16:57  Probe x2  
  153  17:21  Zealot x2  
  153  17:22  Zealot x7  
  139  17:40  Probe  
  132  17:44  Nexus  
  132  17:48  Probe x2  
  132  17:49  Pylon  
  120  17:56  Charge (Chrono Boost)  
  120  17:58  High Templar x9  
  124  18:05  Archon x4  
  136  18:25  Stalker x2  
  140  18:27  Zealot  
  140  18:28  Zealot  
  140  18:39  Zealot x5  
  124  18:54  High Templar x6, Gateway  
  136  18:58  Gateway  
  136  18:59  Archon x3  
  136  19:02  Stalker x2  
  138  19:05  Stalker  
  138  19:08  Probe  
  138  19:09  Probe x2  
  143  19:12  Immortal  
  147  19:24  Photon Cannon  
  147  19:25  Photon Cannon  
  147  19:27  Zealot x7, Shield Battery  
  147  19:28  Pylon  
  161  19:41  Stalker x2  
  161  19:42  Stalker x2  
  165  19:46  Protoss Ground Armor Level 3 (Chrono Boost)  
  159  19:53  Zealot x4  
  159  19:54  Zealot  
  169  20:06  Zealot x5  
  139  20:16  Stalker  
  139  20:17  Stalker x3  
  128  20:23  Probe x2  
  128  20:25  Assimilator  
  128  20:27  Assimilator  
  128  20:29  High Templar x6  
  128  20:34  Archon  
  128  20:35  Archon  
  140  20:36  Archon  
  138  20:43  Shield Battery  
  138  20:44  Pylon  
  138  20:46  Zealot x2  
  138  20:47  Zealot x3  
  138  20:48  Psionic Storm  
  144  20:50  Colossus (Chrono Boost)  
  150  21:03  High Templar x2  
  154  21:06  Zealot x2  
  154  21:08  Archon  
  158  21:14  Zealot x3  
  158  21:15  Zealot  
  152  21:33  Zealot x5  
  152  21:34  Zealot x3  
  168  21:49  High Templar x3  
  164  22:06  Zealot x6  
  164  22:07  Zealot x2  
  178  22:17  Immortal (Chrono Boost)  
  178  22:22  Photon Cannon  
  170  22:30  Zealot x7  
  170  22:35  Pylon  
  158  22:47  High Templar x4  
  158  22:50  Zealot  
  158  22:51  Zealot x6  
  170  22:52  Archon  
  170  22:53  Archon  
  160  23:25  Stalker x4  
  160  23:26  Stalker x5  
Tags
 
Add a new tag
Caveats
  • Supply blocks, unpowered buildings, or Contaminate may cause inaccurate times.
  • Supply counts are checked every 10 seconds.